 Dungeon Crawl Stone Soup version 0.19.0-20-gbc5f0c6 (webtiles) character file.

324 dracos369 the Slasher (level 6, -2/37 HPs)
             Began as a Tengu Abyssal Knight on Nov 17, 2016.
             Was a Priest of Lugonu.
             Slain by dobroeutro's ghost (8 damage)
             ... in a sewer.
             The game lasted 00:14:53 (4275 turns).

dracos369 the Slasher (Tengu Abyssal Knight)        Turns: 4275, Time: 00:14:54

Health: -2/37      AC:  6    Str: 13    XL:     6   Next: 48%
Magic:  7/9        EV: 12    Int: 13    God:    Lugonu [***...]
Gold:   194        SH:  0    Dex: 17    Spells: 0 memorised, 5 levels left

rFire  . . .     SeeInvis .     a - +2 falchion
rCold  . . .     Gourm    .     b - +0 leather armour
rNeg   . . .     Faith    .     (no shield)
rPois  .         Spirit   .     (helmet restricted)
rElec  .         Reflect  .     (no cloak)
rCorr  .         Harm     .     l - +2 pair of gloves
MR     .....                    (boots unavailable)
Stlth  +.........               (no amulet)
                                (no ring)
                                d - +3 ring of dexterity

@: lethally poisoned (-2 -> -9), very slightly contaminated, hasted, very quick
A: beak, talons 3, able to fly 1
a: Fly, Depart the Abyss, Bend Space, Banish, Renounce Religion


You were in a sewer.
You worshipped Lugonu.
Lugonu was most pleased with you.
You were not hungry.

You visited 1 branch of the dungeon, and saw 4 of its levels.
You visited the Abyss 1 time.
You also visited: Sewer.

You collected 194 gold pieces.

Inventory:

Hand Weapons
 a - a +2 falchion (weapon)
Missiles
 e - 2 throwing nets (quivered)
Armour
 b - a +0 leather armour (worn)
 l - a +2 pair of gloves (worn)
Jewellery
 d - a +3 ring of dexterity (left hand)
Scrolls
 g - a scroll of noise
 j - a scroll of teleportation
 m - a scroll of amnesia
 n - a scroll of blinking
Comestibles
 c - 2 bread rations
 f - a meat ration
 h - a beef jerky
 o - 10 chunks of flesh
 r - a royal jelly


   Skills:
 - Level 3.0 Fighting
 + Level 6.4 Long Blades
 - Level 2.1 Armour
 - Level 1.4 Dodging
 + Level 3.1 Invocations


You had 5 spell levels left.
You didn't know any spells.

Dungeon Overview and Level Annotations

Branches:
Dungeon (4/15)
 Temple: D:4-7

Altars:
Nemelex Xobeh
Qazlal

Annotations:
Sewer dobroeutro's ghost, amateur GrFi


Innate Abilities, Weirdness & Mutations

You have a beak for a mouth.
You have claws for feet.
You can fly.


Message History

Your +2 pair of gloves unmelds from your body.
Your +0 leather armour unmelds from your body.
You feel sick. Dobroeutro's ghost hits you.
You closely miss dobroeutro's ghost.
Dobroeutro's ghost is lightly damaged.
You feel sick. Dobroeutro's ghost closely misses you.
You riposte.
You hit dobroeutro's ghost.
You claw dobroeutro's ghost, but do no damage.
Dobroeutro's ghost is moderately damaged.
You barely miss dobroeutro's ghost.
You claw dobroeutro's ghost, but do no damage.
Dobroeutro's ghost is moderately damaged.
You fail to use your ability.
You feel sick. Dobroeutro's ghost hits you!
* * * LOW HITPOINT WARNING * * *
Unknown command.
You hit dobroeutro's ghost but do no damage.
Your kick misses dobroeutro's ghost. Your peck misses dobroeutro's ghost.
Dobroeutro's ghost is moderately damaged.
Dobroeutro's ghost hits you!
You die...

..≈#≈≈≈#.....##
..P≈≈≈≈#..P...#
≈≈≈≈≈≈#......#
≈≈≈≈≈#......#
#≈≈≈#......#
#(≈≈#≈≈....#
#≈≈≈#)≈..P#
#≈≈W@)≈...##
#≈≈≈))≈....#
#≈≈≈#P...###
#≈≈≈#....#
#≈≈≈##''##
#≈≈≈#.!.)#
#≈≈≈#....#
#≈≈≈#.∩!.#
#≈≈≈#...!#


You could see dobroeutro's ghost.

Vanquished Creatures
  A big kobold (Sewer)
  An iguana (D:4)
  An orc wizard (D:3)
  2 worker ants (D:4)
  A gnoll (D:3)
  3 adders (D:2)
  An ooze (D:3)
  2 worms
  3 dart slugs
  3 leopard geckos
  16 orcs
  5 ball pythons
  5 giant cockroaches
  7 goblins
  7 hobgoblins
  7 bats
  3 frilled lizards
  9 kobolds
  12 rats
89 creatures vanquished.

Notes
Turn   | Place    | Note
-------+----------+-------------------------------------------
     0 | Abyss:1  | dracos369 the Tengu Abyssal Knight began the quest for the Orb.
     0 | Abyss:1  | Reached XP level 1. HP: 14/14 MP: 3/3
    49 | D:1      | Escaped the Abyss
   195 | D:1      | Reached skill level 3 in Long Blades
   195 | D:1      | Reached XP level 2. HP: 13/19 MP: 4/4
   543 | D:1      | Reached ** piety under Lugonu
   753 | D:2      | Reached XP level 3. HP: 23/23 MP: 5/5
   808 | D:2      | Reached skill level 4 in Long Blades
  1012 | D:2      | Found a stormy altar of Qazlal.
  1554 | D:2      | Found a sparkling altar of Nemelex Xobeh.
  1775 | D:2      | Reached XP level 4. HP: 28/28 MP: 6/6
  1985 | D:3      | Reached skill level 5 in Long Blades
  2055 | D:3      | HP: 1/28 [orc/whip (2)]
  2323 | D:3      | Gained mutation: You can fly. [Tengu growth]
  2323 | D:3      | Reached XP level 5. HP: 11/32 MP: 7/7
  3041 | D:2      | Reached *** piety under Lugonu
  3460 | D:3      | Found a faded altar of an unknown god.
  3564 | D:4      | Reached skill level 6 in Long Blades
  3564 | D:4      | Reached XP level 6. HP: 17/37 MP: 8/8
  4078 | D:4      | Found a glowing drain.
  4090 | Sewer    | Entered a sewer
  4241 | Sewer    | Noticed dobroeutro's ghost (amateur GrFi)
  4275 | Sewer    | Slain by dobroeutro's ghost

Skill      XL: |  1  2  3  4  5  6 |
---------------+-------------------+-----
Long Blades    | 3 4 5 6 |  6.4
Invocations    | 2 3 |  3.1
Fighting       | |  3.0
Armour         | |  2.1
Dodging        | |  1.4

Action                   |  1- 3 |  4- 6 || total
-------------------------+-------+-------++-------
Melee: Falchion          |    67 |   172 ||   239
       Peck              |    15 |    35 ||    50
       Kick              |    16 |    51 ||    67
Invok: Banish            |       |     1 ||     1
 Abil: Fly               |       |     7 ||     7
  Use: Potion            |       |     7 ||     7
       Scroll            |       |     8 ||     8
 Stab: Sleeping          |     3 |     2 ||     5
  Eat: Chunk             |     3 |     9 ||    12
Armor: Leather armour    |    14 |    42 ||    56
       Skin              |       |    51 ||    51
Dodge: Dodged            |    33 |   125 ||   158
       Rpst.: Falchion   |    17 |    36 ||    53
